 Dungeon Crawl Stone Soup version 0.31-a0-358-gac0dbeb3ab (webtiles) character file.

Game seed: 6503634582694988499

7537 AIAndy the Thaumaturge (level 11, -7/80 HPs)
             Began as a Djinni Fire Elementalist on July 26, 2023.
             Shot with an arrow by a centaur warrior (12 damage)
             ... on level 9 of the Dungeon.
             The game lasted 00:30:54 (8791 turns).

AIAndy the Thaumaturge (Djinni Fire Elementalist)   Turns: 8791, Time: 00:30:55

Health: -7/80      AC: 11    Str:  7    XL:     11   Next: 39%
Gold:   445        EV: 17    Int: 22    God:
                   SH:  0    Dex: 13

rFire   + + +        v - staff of fire
rCold   . . .        (no shield)
rNeg    . . .        f - +0 steam dragon scales
rPois   ∞            t - +0 helmet
rElec   .            l - +2 cloak
rCorr   .            k - +1 pair of gloves
SInv    .            (boots unavailable)
Will    +....        (no amulet)
Stlth   ++           C - ring of protection from cold
HPRegen 0.33/turn    E - +5 ring of evasion
MPRegen 0.00/turn

%: infuse magic (-8 HP)
@: flying
A: sickness immunity, fire resistance 2, cold vulnerability 1, float, innate
caster, HP casting, extra vitality 1
a: no special abilities


You were on level 9 of the Dungeon.
You visited 2 branches of the dungeon, and saw 10 of its levels.
You also visited: Bailey.

You collected 445 gold pieces.


Innate Abilities, Weirdness & Mutations

You are immune to sickness and miasma.
You are immune to poison.
Your flesh is very heat resistant. (rF++)
You are vulnerable to cold. (rC-)
You float through the air rather than walking.
You learn spells naturally, not from books.
Your magical power is your life essence.
You have superior vitality. (+4 MHP)


   Skills:
 + Level 7.6 Fighting
 - Level 2.1 Dodging
 - Level 1.5 Stealth
 + Level 11.7 Spellcasting
 + Level 11.7 Conjurations
 + Level 11.7 Hexes
 + Level 11.7 Summonings
 + Level 11.7 Necromancy
 + Level 11.7 Translocations
 + Level 11.7 Transmutations
 + Level 11.7 Fire Magic
 + Level 11.7 Ice Magic
 + Level 11.7 Air Magic
 + Level 11.7 Earth Magic
 + Level 11.7 Poison Magic


You knew the following spells:

 Your Spells              Type           Power      Damage    Failure   Level
a - Flame Wave            Conj/Fire      77%        2d17      1%          4
b - Ignite Poison         Fire/Tmut/Pois 77%        N/A       1%          3
c - Animate Armour        Summ/Erth      100%       N/A       1%          4
f - Inner Flame           Hex/Fire       77%        N/A       1%          3
i - Swiftness             Air            59%        N/A       1%          3
z - Magic Dart            Conj           100%       1d8       1%          1
I - Blink                 Tloc           100%       N/A       1%          2
X - Foxfire               Conj/Fire      100%       2x1d9     1%          1
Y - Scorch                Fire           100%       2d9       1%          2
Z - Volatile Blastmotes   Fire/Tloc      100%       2d18      1%          3
Your spell library was empty.

Inventory:

Hand Weapons
 p - a +1 broad axe of flaming
Armour
 f - +0 steam dragon scales (worn)
 k - a +1 pair of gloves (worn)
 l - a +2 cloak (worn)
 s - a +2 leather armour of cold resistance
 t - a +0 helmet (worn)
 w - a +1 leather armour of willpower
 G - the +7 plate armour of Asilusoj {Int+5}
   (You found it on level 8 of the Dungeon)

   Int:       It affects your intelligence (+5).
Magical Staves
 a - a staff of poison
 o - a staff of death
 v - a staff of fire (weapon)
Jewellery
 C - a ring of protection from cold (left hand)
 E - a +5 ring of evasion (right hand)
 Z - a ring of wizardry
Wands
 x - a wand of flame (15)
 A - a wand of paralysis (9)
 D - a wand of quicksilver (6)
 H - a wand of digging (4)
Scrolls
 b - 4 scrolls of teleportation {@r4}
 e - a scroll of brand weapon
 j - a scroll of torment {unknown}
 y - a scroll of blinking {unknown}
 B - a scroll of enchant armour
 I - a scroll of identify {@r1}
 K - a scroll of revelation
Potions
 c - 4 potions of enlightenment {unknown}
 d - 2 potions of resistance {unknown}
 g - 3 potions of curing {unknown}
 h - 4 potions of haste {unknown}
 i - 2 potions of invisibility {unknown}
 m - 2 potions of degeneration {unknown}
 n - a potion of attraction {unknown}
 r - a potion of lignification {unknown}
 u - a potion of might {unknown}
 z - a potion of cancellation {unknown}
 F - 4 potions of heal wounds {unknown}
 J - 3 potions of brilliance {unknown}
Miscellaneous
 q - a tin of tremorstones (2/2)

Dungeon Overview and Level Annotations

Branches:
Dungeon (9/15)             Temple (1/1) D:5          Bailey (visited)
   Lair: D:8-11         Orc: D:9-12

Altars:
Ashenzari
Cheibriados
Dithmenos
Elyvilon
Fedhas
Gozag
Hepliaklqana
Nemelex Xobeh
Okawaru
Qazlal
Ru
Trog
Uskayaw
Xom
Yredelemnul
Zin
The Shining One

Shops:
D:6 (

Annotations:
D:5 Dowan

..... #...▒††..▓... ....
#.▓...▓.....▓ #.##
#......c▒.▒. ## #..###
##.▒.▒.).....
.###....### #.....▓...▓.
...#.##...####)▓)...▒...
...#.####..###[)).▓...▓.
...#.# ##>...#.▒...#..
...#.# ####.#.@..####
.....# #.####.# ###..#
#.. .# # #.## ###. .#
###.# ## ### ..#.# ...
#.#.## #.# #....######
#.# #..#......#### #.#


You could see a centaur warrior (ally target) and a friendly animated steam
dragon scales (summoned).


Message History

You kill the kobold brigand!
The flame wave engulfs the kobold!!
You kill the kobold!
The flame wave engulfs your animated steam dragon scales!
You destroy your animated steam dragon scales!
Your animated steam dragon scales disappears in a puff of smoke!
* * * LOW HITPOINT WARNING * * *
You finish channelling waves of flame.
The centaur warrior shoots an arrow.
The arrow hits you.
* * * LOW HITPOINT WARNING * * *
Unknown command.
Casting: Flame Wave (safe; 1% risk of failure)
Confirm with . or Enter, or press ? or * to list all spells.
Aiming: Magic Dart (safe; 1% risk of failure)
Press: ? - help, Shift-Dir - straight line, f - centaur warrior
Aim: a centaur warrior, wielding a +0 shortbow (100% to hit)
The magic dart hits the centaur warrior.
The centaur warrior is lightly wounded.
* * * LOW HITPOINT WARNING * * *
The centaur warrior shoots an arrow.
The arrow hits you!
* * * LOW HITPOINT WARNING * * *
The centaur warrior shoots an arrow.
The arrow hits you!
* * * LOW HITPOINT WARNING * * *
Okay, then.
The centaur warrior shoots an arrow.
The arrow misses you.
Casting: Magic Dart (safe; 1% risk of failure)
Confirm with . or Enter, or press ? or * to list all spells.
* * * LOW HITPOINT WARNING * * *
The centaur warrior shoots an arrow.
The arrow hits you!
You die...

Skill      XL: |  1  2  3  4  5  6  7  8  9 10 11 |
---------------+----------------------------------+-----
Spellcasting   | 4 5 6 8 10 11 | 11.7
Conjurations   | 4 5 6 8 10 11 | 11.7
Hexes          | 4 5 6 8 10 11 | 11.7
Summonings     | 4 5 6 8 10 11 | 11.7
Necromancy     | 4 5 6 8 10 11 | 11.7
Translocations | 4 5 6 8 10 11 | 11.7
Transmutations | 4 5 6 8 10 11 | 11.7
Fire Magic     | 4 5 6 8 10 11 | 11.7
Ice Magic      | 4 5 6 8 10 11 | 11.7
Air Magic      | 4 5 6 8 10 11 | 11.7
Earth Magic    | 4 5 6 8 10 11 | 11.7
Poison Magic   | 4 5 6 8 10 11 | 11.7
Fighting       | 6 7 |  7.6
Dodging        | |  2.1
Stealth        | |  1.5

Action                     |  1- 3 |  4- 6 |  7- 9 | 10-12 || total
---------------------------+-------+-------+-------+-------++-------
  Melee: Staff             |       |       |       |     1 ||     1
   Cast: Foxfire           |    71 |    89 |   129 |    76 ||   365
         Scorch            |    18 |    30 |    82 |    51 ||   181
         Inner Flame       |       |     1 |       |       ||     1
         Magic Dart        |       |       |     5 |     2 ||     7
         Flame Wave        |       |       |     1 |    12 ||    13
         Blink             |       |       |       |     2 ||     2
         Animate Armour    |       |       |       |     2 ||     2
  Evoke: Wand              |       |       |     2 |       ||     2
    Use: Scroll            |       |     1 |     5 |       ||     6
 Armour: Robe              |       |     8 |    19 |       ||    27
         Leather armour    |       |       |     9 |       ||     9
         Steam dragon scal |       |       |       |    14 ||    14
  Dodge: Dodged            |     9 |     8 |    34 |    49 ||   100

Levels and vault maps discovered:
D:1:      lemuel_arrival_rhombus, layout_basic,
          chequers_ecumenical_altar_island, palyth_stone_intersect
D:2:      layout_basic, basic_altar, minmay_misc_feat_rugged, uniq_jessica
D:3:      layout_basic, zin_angel, mainiacjoe_overflow_surrounded_room,
          fedhas_altar_3, kennysheep_donut
D:4:      layout_loops_corners, uniq_robin
D:5:      layout_basic, minmay_temple_entry_proselytizer, st_stairs_5,
          uniq_duvessa, uniq_eustachio
D:6:      minmay_inner_zag, layout_cave_pools, overflow_temple_1_default,
          mainiacjoe_overflow_24_doors, serial_shops,
          nicolae_inconvenience_store
D:7:      layout_cave_pods, evilmike_ruin_ashenzari,
          mainiacjoe_overflow_alcove_4, nicolae_overflow_crystal_walls,
          mainiacjoe_overflow_swirl, serial_glass, glass_columns_c,
          glass_columns_b, chequers_serial_rivers_small_a, st_stairs_9,
          uniq_maggie, uniq_menkaure
D:8:      layout_basic, mainiacjoe_overflow_concentric_impassable,
          enter_bailey_5
D:9:      layout_rooms, grunt_temple_overflow_opulence, amcnicky_altar_gilded,
          nicolae_kite_square_tiling_tiny, minmay_statues_item,
          kennysheep_nondescript, serial_bayou_lake_a
Temple:   nicolae_temple_superstar

Notes
Turn   | Place    | Note
-------+----------+-------------------------------------------
     0 | D:1      | Reached skill level 3 in Spellcasting
     0 | D:1      | Reached skill level 3 in Conjurations
     0 | D:1      | Reached skill level 3 in Hexes
     0 | D:1      | Reached skill level 3 in Summonings
     0 | D:1      | Reached skill level 3 in Necromancy
     0 | D:1      | Reached skill level 3 in Translocations
     0 | D:1      | Reached skill level 3 in Transmutations
     0 | D:1      | Reached skill level 3 in Fire Magic
     0 | D:1      | Reached skill level 3 in Ice Magic
     0 | D:1      | Reached skill level 3 in Air Magic
     0 | D:1      | Reached skill level 3 in Earth Magic
     0 | D:1      | Reached skill level 3 in Poison Magic
     0 | D:1      | AIAndy the Djinni Fire Elementalist began the quest for the
                  | Orb.
     0 | D:1      | AIAndy set off with the following spells memorised:
                  | Foxfire, Scorch, Volatile Blastmotes, Inner Flame, Flame
                  | Wave.
     0 | D:1      | Reached XP level 1. HP: 15/15 MP: 0/0
   174 | D:1      | Reached XP level 2. HP: 19/21 MP: 0/0
   193 | D:1      | Found a faded altar of an unknown god.
   440 | D:1      | Reached XP level 3. HP: 12/25 MP: 0/0
   440 | D:1      | Learned a level 1 spell: Magic Dart
  1126 | D:2      | Noticed Jessica
  1130 | D:2      | Reached skill level 4 in Spellcasting
  1130 | D:2      | Reached skill level 4 in Conjurations
  1130 | D:2      | Reached skill level 4 in Hexes
  1130 | D:2      | Reached skill level 4 in Summonings
  1130 | D:2      | Reached skill level 4 in Necromancy
  1130 | D:2      | Reached skill level 4 in Translocations
  1130 | D:2      | Reached skill level 4 in Transmutations
  1130 | D:2      | Reached skill level 4 in Fire Magic
  1130 | D:2      | Reached skill level 4 in Ice Magic
  1130 | D:2      | Reached skill level 4 in Air Magic
  1130 | D:2      | Reached skill level 4 in Earth Magic
  1130 | D:2      | Reached skill level 4 in Poison Magic
  1130 | D:2      | Reached XP level 4. HP: 9/31 MP: 0/0
  1134 | D:2      | Found a bloodstained altar of Trog.
  1240 | D:2      | Killed Jessica
  1394 | D:2      | Reached XP level 5. HP: 30/35 MP: 0/0
  1394 | D:2      | Learned a level 2 spell: Blink
  1985 | D:3      | Found a glowing golden altar of the Shining One.
  2057 | D:3      | Found a glowing silver altar of Zin.
  2057 | D:3      | Noticed an angel
  2164 | D:3      | Found a blossoming altar of Fedhas.
  2632 | D:4      | Noticed a black bear
  2641 | D:4      | Killed a black bear
  2642 | D:4      | Reached skill level 5 in Spellcasting
  2642 | D:4      | Reached skill level 5 in Conjurations
  2642 | D:4      | Reached skill level 5 in Hexes
  2642 | D:4      | Reached skill level 5 in Summonings
  2642 | D:4      | Reached skill level 5 in Necromancy
  2642 | D:4      | Reached skill level 5 in Translocations
  2642 | D:4      | Reached skill level 5 in Transmutations
  2642 | D:4      | Reached skill level 5 in Fire Magic
  2642 | D:4      | Reached skill level 5 in Ice Magic
  2642 | D:4      | Reached skill level 5 in Air Magic
  2642 | D:4      | Reached skill level 5 in Earth Magic
  2642 | D:4      | Reached skill level 5 in Poison Magic
  2642 | D:4      | Reached XP level 6. HP: 35/40 MP: 0/0
  2836 | D:4      | Noticed Robin
  2853 | D:4      | Killed Robin
  2975 | D:4      | Noticed an ogre
  2978 | D:4      | Killed an ogre
  2979 | D:4      | Reached XP level 7. HP: 39/45 MP: 0/0
  2979 | D:4      | Learned a level 3 spell: Ignite Poison
  3149 | D:4      | Reached skill level 6 in Spellcasting
  3149 | D:4      | Reached skill level 6 in Conjurations
  3149 | D:4      | Reached skill level 6 in Hexes
  3149 | D:4      | Reached skill level 6 in Summonings
  3149 | D:4      | Reached skill level 6 in Necromancy
  3149 | D:4      | Reached skill level 6 in Translocations
  3149 | D:4      | Reached skill level 6 in Transmutations
  3149 | D:4      | Reached skill level 6 in Fire Magic
  3149 | D:4      | Reached skill level 6 in Ice Magic
  3149 | D:4      | Reached skill level 6 in Air Magic
  3149 | D:4      | Reached skill level 6 in Earth Magic
  3149 | D:4      | Reached skill level 6 in Poison Magic
  3807 | D:5      | Entered Level 5 of the Dungeon
  3873 | D:5      | Noticed Duvessa
  3875 | D:5      | Noticed Dowan
  3886 | D:4      | HP: 3/45 [shadow imp (5)]
  4057 | D:5      | Reached XP level 8. HP: 18/50 MP: 0/0
  4187 | D:5      | Found a staircase to the Ecumenical Temple.
  4196 | Temple   | Entered the Ecumenical Temple
  4201 | D:5      | Noticed Eustachio
  4218 | D:5      | Killed Eustachio
  4219 | D:5      | Reached skill level 7 in Spellcasting
  4219 | D:5      | Reached skill level 7 in Conjurations
  4219 | D:5      | Reached skill level 7 in Hexes
  4219 | D:5      | Reached skill level 7 in Summonings
  4219 | D:5      | Reached skill level 7 in Necromancy
  4219 | D:5      | Reached skill level 7 in Translocations
  4219 | D:5      | Reached skill level 7 in Transmutations
  4219 | D:5      | Reached skill level 7 in Fire Magic
  4219 | D:5      | Reached skill level 7 in Ice Magic
  4219 | D:5      | Reached skill level 7 in Air Magic
  4219 | D:5      | Reached skill level 7 in Earth Magic
  4219 | D:5      | Reached skill level 7 in Poison Magic
  4685 | D:5      | Killed Duvessa
  5046 | D:6      | Reached skill level 8 in Spellcasting
  5046 | D:6      | Reached skill level 8 in Conjurations
  5046 | D:6      | Reached skill level 8 in Hexes
  5046 | D:6      | Reached skill level 8 in Summonings
  5046 | D:6      | Reached skill level 8 in Necromancy
  5046 | D:6      | Reached skill level 8 in Translocations
  5046 | D:6      | Reached skill level 8 in Transmutations
  5046 | D:6      | Reached skill level 8 in Fire Magic
  5046 | D:6      | Reached skill level 8 in Ice Magic
  5046 | D:6      | Reached skill level 8 in Air Magic
  5046 | D:6      | Reached skill level 8 in Earth Magic
  5046 | D:6      | Reached skill level 8 in Poison Magic
  5100 | D:6      | Found Jamuh's Antique Weapon Boutique.
  5147 | D:6      | Reached XP level 9. HP: 53/55 MP: 0/0
  5147 | D:6      | Learned a level 3 spell: Swiftness
  5327 | D:6      | Reached skill level 9 in Spellcasting
  5327 | D:6      | Reached skill level 9 in Conjurations
  5327 | D:6      | Reached skill level 9 in Hexes
  5327 | D:6      | Reached skill level 9 in Summonings
  5327 | D:6      | Reached skill level 9 in Necromancy
  5327 | D:6      | Reached skill level 9 in Translocations
  5327 | D:6      | Reached skill level 9 in Transmutations
  5327 | D:6      | Reached skill level 9 in Fire Magic
  5327 | D:6      | Reached skill level 9 in Ice Magic
  5327 | D:6      | Reached skill level 9 in Air Magic
  5327 | D:6      | Reached skill level 9 in Earth Magic
  5327 | D:6      | Reached skill level 9 in Poison Magic
  5601 | D:6      | Found a snail-covered altar of Cheibriados.
  5800 | D:7      | Found a broken altar of Ashenzari.
  5823 | D:7      | Noticed Menkaure
  5827 | D:7      | Killed Menkaure
  5976 | D:7      | Noticed Maggie
  5999 | D:7      | Killed Maggie
  6000 | D:7      | Reached skill level 10 in Spellcasting
  6000 | D:7      | Reached skill level 10 in Conjurations
  6000 | D:7      | Reached skill level 10 in Hexes
  6000 | D:7      | Reached skill level 10 in Summonings
  6000 | D:7      | Reached skill level 10 in Necromancy
  6000 | D:7      | Reached skill level 10 in Translocations
  6000 | D:7      | Reached skill level 10 in Transmutations
  6000 | D:7      | Reached skill level 10 in Fire Magic
  6000 | D:7      | Reached skill level 10 in Ice Magic
  6000 | D:7      | Reached skill level 10 in Air Magic
  6000 | D:7      | Reached skill level 10 in Earth Magic
  6000 | D:7      | Reached skill level 10 in Poison Magic
  6000 | D:7      | Reached XP level 10. HP: 2/60 MP: 0/0
  6245 | D:7      | Reached skill level 2 in Fighting
  6401 | D:7      | Found a basalt altar of Yredelemnul.
  6531 | D:7      | Reached skill level 3 in Fighting
  6736 | D:7      | Found a hazy altar of Hepliaklqana.
  6863 | D:7      | Found a bloodstained altar of Trog.
  6872 | D:7      | Found a shimmering altar of Xom.
  7083 | D:8      | Reached skill level 4 in Fighting
  7227 | D:8      | Identified the +7 plate armour of Asilusoj {Int+5}
  7345 | D:8      | Found a stormy altar of Qazlal.
  7506 | D:8      | Found a flagged portal.
  7519 | Bailey   | Entered a bailey
  7595 | Bailey   | Noticed a two-headed ogre
  7601 | Bailey   | Killed a two-headed ogre
  7602 | Bailey   | Reached skill level 5 in Fighting
  7602 | Bailey   | Reached skill level 11 in Spellcasting
  7602 | Bailey   | Reached skill level 11 in Conjurations
  7602 | Bailey   | Reached skill level 11 in Hexes
  7602 | Bailey   | Reached skill level 11 in Summonings
  7602 | Bailey   | Reached skill level 11 in Necromancy
  7602 | Bailey   | Reached skill level 11 in Translocations
  7602 | Bailey   | Reached skill level 11 in Transmutations
  7602 | Bailey   | Reached skill level 11 in Fire Magic
  7602 | Bailey   | Reached skill level 11 in Ice Magic
  7602 | Bailey   | Reached skill level 11 in Air Magic
  7602 | Bailey   | Reached skill level 11 in Earth Magic
  7602 | Bailey   | Reached skill level 11 in Poison Magic
  7639 | Bailey   | Reached skill level 6 in Fighting
  7639 | Bailey   | Reached XP level 11. HP: 9/76 MP: 0/0
  7639 | Bailey   | Learned a level 4 spell: Animate Armour
  8619 | D:9      | Found an opulent altar of Gozag.
  8624 | D:9      | Reached skill level 7 in Fighting
  8633 | D:9      | Found a sparkling altar of Nemelex Xobeh.
  8784 | D:9      | Noticed a centaur warrior
  8788 | D:9      | HP: 8/80 [centaur warrior/arrow (9)]
  8791 | D:9      | Shot with an arrow by a centaur warrior

Vanquished Creatures
  A two-headed ogre (Bailey)
  Maggie (D:7)
  A troll (D:7)
  A hornet (D:8)
  Eustachio (D:5)
  2 wyverns
  5 spriggans (Bailey)
  5 yaks (D:9)
  2 steam dragons
  Menkaure (D:7)
  3 water moccasins
  Duvessa (D:5)
  A sky beast (D:7)
  5 black bears
  2 orc warriors
  2 ice beasts
  6 ogres
  A phantom (D:6)
  2 kobold brigands
  2 bullfrogs
  5 scorpions (D:6)
  3 killer bees (D:7)
  2 howler monkeys (D:7)
  6 electric eels (D:9)
  6 orc priests
  6 hounds
  2 jellies
  Jessica (D:2)
  5 iguanas
  2 sleepcaps
  8 orc wizards
  Robin (D:4)
  9 adders
  A shadow imp (D:4)
  A white imp (D:4)
  An ufetubus (D:6)
  A worm (D:2)
  3 dart slugs
  34 orcs
  3 ball pythons
  10 endoplasms
  3 giant cockroaches
  13 hobgoblins
  6 jackals
  16 kobolds
  4 quokkas
  8 bats
  6 frilled lizards
  16 goblins
  6 rats
233 creatures vanquished.

Vanquished Creatures (collateral kills)
  A foxfire (D:9)
1 creature vanquished.

Vanquished Creatures (others)
  608 foxfires
608 creatures vanquished.

Grand Total: 842 creatures vanquished

Table legend: (Time is in decaauts)
 A = Elapsed time spent in this place.
 B = Non-inter-level travel time spent in this place.
 C = Inter-level travel time spent in this place.
 D = Time resting spent in this place.
 E = Time spent auto-exploring this place.
 F = Levels seen in this place.
 G = Mean time per level.
                   A        B        C        D        E       F      G
               +--------+--------+--------+--------+--------+-----+--------+
         Total |   8786 |   8567 |    219 |    656 |   6470 |  11 |  798.7 |
       Dungeon |   8260 |   8041 |    219 |    421 |   6303 |   9 |  917.8 |
        Temple |      1 |      1 |      0 |      0 |      0 |   1 |    1.0 |
        Bailey |    524 |    524 |      0 |    235 |    167 |   1 |  524.0 |
               +--------+--------+--------+--------+--------+-----+--------+

Top non-repeatable levels by time:
     D:4: 1374 daAuts
     D:7: 1232 daAuts
     D:3: 955 daAuts
     D:1: 954 daAuts
     D:5: 928 daAuts
     D:8: 908 daAuts
     D:6: 885 daAuts
     D:2: 688 daAuts
  Bailey: 524 daAuts
     D:9: 333 daAuts
  Temple: 1 daAuts

Table legend:
 A = Non-vault XP
 B = Vault XP
 C = Vault XP percentage of total XP
 D = Non-vault monster count
 E = Vault monster count
 F = Vault count percentage of total count
                 A         B        C        D         E       F
            +---------+---------+-------+---------+---------+-------
      Total |    6285 |    4483 |  41.6 |     187 |      46 |  19.7
            +---------+---------+-------+---------+---------+-------
        D:1 |      48 |       0 |   0.0 |      27 |       0 |   0.0
        D:2 |      67 |      37 |  35.6 |      22 |       1 |   4.3
        D:3 |      86 |       0 |   0.0 |      24 |       0 |   0.0
        D:4 |     535 |      35 |   6.1 |      21 |      12 |  36.4
        D:5 |     299 |     483 |  61.8 |      10 |       5 |  33.3
        D:6 |     843 |     547 |  39.4 |      19 |       8 |  29.6
        D:7 |    1601 |     708 |  30.7 |      20 |       4 |  16.7
        D:8 |     916 |       7 |   0.8 |      25 |       4 |  13.8
        D:9 |    1890 |       0 |   0.0 |      19 |       0 |   0.0
     Bailey |       0 |    2666 | 100.0 |       0 |      12 | 100.0
            +---------+---------+-------+---------+---------+-------
